 Dungeon Crawl Stone Soup version 0.31-a0-237-g2d982f9f85 (webtiles) character file.

Game seed: 2639029275073368524

53 qw the Shooter (level 3, -1/21 HPs)
             Began as a Gargoyle Hexslinger on July 11, 2023.
             Killed from afar by Ijyb (3 damage)
             ... with a puff of flame
             ... on level 3 of the Dungeon.
             The game lasted 00:00:38 (1553 turns).

qw the Shooter (Gargoyle Hexslinger)                Turns: 1553, Time: 00:00:39

Health: -1/21      AC:  8    Str: 17    XL:     3   Next: 87%
Magic:  4/4        EV: 11    Int: 13    God:
Gold:   115        SH:  0    Dex: 14    Spells: 3/4 levels left

rFire   . . .        Y - +1 sling
rCold   . . .        (no shield)
rNeg    + . .        d - +0 ring mail
rPois   inf          (no helmet)
rElec   +            (no cloak)
rCorr   .            (no gloves)
SInv    .            (no boots)
Will    .....        (no amulet)
Stlth   +            e - +6 ring of strength
HPRegen 0.23/turn    (no ring)
MPRegen 0.09/turn

%: no passive effects
@: no status effects
A: sickness immunity, AC +3, negative energy resistance 1, electricity
resistance, torment resistance 1, petrification resistance
a: no special abilities


You were on level 3 of the Dungeon.
You visited 1 branch of the dungeon, and saw 3 of its levels.

You collected 115 gold pieces.


Innate Abilities, Weirdness & Mutations

You are immune to sickness and miasma.
Your stone body is resilient. (AC +3)
You are immune to poison.
You resist negative energy. (rN+)
You are resistant to electric shocks. (rElec)
You are resistant to unholy torment.
You are immune to petrification.


   Skills:
 - Level 2.1 Fighting
 + Level 3.6 Ranged Weapons
 - Level 1.5 Dodging
 - Level 1.0 Spellcasting
 - Level 2.6 Hexes


You had 3 spell levels left.
You knew the following spells:

 Your Spells              Type           Power      Damage    Failure   Level
a - Slow                  Hex            28%        N/A       17%         1

Your spell library contained the following spells:

 Spells                   Type           Power      Damage    Failure   Level
 Inner Flame              Hex/Fire       4%         N/A       65%         3
 Portal Projectile        Hex/Tloc       8%         N/A       65%         3
 Cause Fear               Hex            3%         N/A       86%         4

Inventory:

Hand Weapons
 Y - a +1 sling (weapon)
Armour
 d - a +0 ring mail (worn)
Jewellery
 e - a +6 ring of strength (left hand)
Potions
 c - a potion of mutation {unknown}
 f - 3 potions of curing
 h - a potion of degeneration {unknown}

Dungeon Overview and Level Annotations

Branches:
Dungeon (3/15)

Altars:

Shops:
D:2 (

Annotations:
D:3 Ijyb


Message History

Ijyb shouts!
An adder comes into view.
Ijyb zaps a wand.
The puff of flame hits you.
There is an open door here.
You shoot a sling bullet. The sling bullet closely misses Ijyb.
The adder hisses angrily.
You shoot a sling bullet. The sling bullet barely misses Ijyb.
You shoot a sling bullet.
The sling bullet hits Ijyb but does no damage.
You shoot a sling bullet.
The sling bullet barely misses the adder.
The sling bullet hits Ijyb but does no damage.
The adder barely misses you. The adder bites you.
You shoot a sling bullet. The sling bullet misses the adder.
The adder bites you.
You shoot a sling bullet. The sling bullet barely misses Ijyb.
The adder bites you but does no damage. The adder bites you.
Ijyb hits you but does no damage.
You shoot a sling bullet. The sling bullet hits Ijyb.
Ijyb is lightly wounded.
The adder bites you but does no damage.
Ijyb zaps a wand.
The puff of flame hits you! The adder barely misses you.
You shoot a sling bullet. The sling bullet hits Ijyb.
Ijyb is lightly wounded.
Ijyb screams, "Me kill you!"
Ijyb zaps a wand.
The puff of flame misses you. The adder bites you but does no damage.
Ijyb zaps a wand.
The puff of flame hits you. The adder barely misses you.
You shoot a sling bullet. The sling bullet hits Ijyb.
Ijyb is moderately wounded.
The adder barely misses you. Ijyb hits you but does no damage.
You shoot a sling bullet. The sling bullet hits Ijyb.
Ijyb is moderately wounded.
The adder bites you but does no damage. Ijyb closely misses you.
The adder barely misses you.
You shoot a sling bullet.
The sling bullet hits Ijyb but does no damage.
Ijyb is moderately wounded.
Ijyb zaps a wand.
The puff of flame hits you.
You die...

#..... ####### #.....
#.....# #..... #.###.#
#....= #.###.# #.....
#####.#...# #.....
..#.....#.###
##..(.S#####.#.#####.#
#.....g@..##.#.##<...#
.......##.##.#.#######
......# #.##.#....#
...... #.##.####.#
..... #.##.####.#
..... #....#....# ....
####.#.#### ..~~
#####.#)# #.......#


You could see Ijyb and an adder.

Vanquished Creatures
  An adder (D:2)
  2 worms
  A dart slug (D:2)
  3 ball pythons
  An endoplasm (D:2)
  2 giant cockroaches (D:1)
  4 goblins
  2 hobgoblins (D:1)
  3 kobolds
  4 quokkas
  2 bats
  2 frilled lizards (D:1)
  8 rats
35 creatures vanquished.

Notes
Turn   | Place    | Note
-------+----------+-------------------------------------------
     0 | D:1      | qw the Gargoyle Hexslinger began the quest for the Orb.
     0 | D:1      | Reached XP level 1. HP: 12/12 MP: 2/2
     0 | D:1      | 0 ||| qw: Version: 0.3-a-52-g30416fa
     0 | D:1      | 0 ||| qw: Game counter: 5498
     0 | D:1      | 0 ||| qw: Melee chars always use a shield: true
     0 | D:1      | 0 ||| qw: God list: Okawaru
     0 | D:1      | 0 ||| qw: Allow faded altars: false
     0 | D:1      | 0 ||| qw: Do Orc after clearing Dungeon:15 true
     0 | D:1      | 0 ||| qw: Do second Lair branch before Depths: true
     0 | D:1      | 0 ||| qw: Lair rune preference: random
     0 | D:1      | 0 ||| qw: Goals: Normal
     0 | D:1      | 0 ||| PLANNING D:1-11
   223 | D:1      | Reached XP level 2. HP: 16/16 MP: 3/3
   340 | D:1      | Reached skill level 3 in Ranged Weapons
   642 | D:1      | 642 ||| UPGRADING to +0 ring mail.
   652 | D:1      | 652 ||| DROPPING +0 robe.
   653 | D:1      | 653 ||| UPGRADING to +6 ring of strength.
   654 | D:1      | 654 ||| READING scroll labelled MIAMIE VAJESKY.
   655 | D:1      | 655 ||| DRINKING 3 bubbling brown potions.
   656 | D:1      | 656 ||| DROPPING scroll of poison.
   719 | D:2      | 719 ||| STAIRDANCE
   797 | D:2      | Reached XP level 3. HP: 17/21 MP: 4/4
  1005 | D:2      | Found Gusiepn's Weapon Boutique.
  1458 | D:2      | 1458 ||| READING scroll labelled QITZAI NAQECO.
  1474 | D:2      | 1474 ||| READING scroll labelled YSKYRA LENKEIN.
  1542 | D:3      | Noticed Ijyb
  1550 | D:3      | HP: 1/21 [Ijyb/puff of flame (6)]
  1553 | D:3      | Killed from afar by Ijyb

Levels and vault maps discovered:
D:1:      matt_arrival_grand_opening, layout_basic
D:2:      layout_basic, serial_shops, shop_statue
D:3:      layout_basic, chequers_serial_rivers_small_b, uniq_ijyb

Skill      XL: |  1  2 |
---------------+-------+-----
Ranged Weapons | 3 |  3.6
Fighting       | 2 |  2.1
Dodging        | |  1.5
Spellcasting   | |  1.0
Hexes          | |  2.6

Action                     || total
---------------------------++-------
   Fire: Sling             ||   150
    Use: Scroll            ||     3
         Potion            ||     1
 Armour: Robe              ||    13
         Ring mail         ||    13
  Dodge: Dodged            ||    45

Table legend:
 A = Non-vault XP
 B = Vault XP
 C = Vault XP percentage of total XP
 D = Non-vault monster count
 E = Vault monster count
 F = Vault count percentage of total count
                 A         B        C        D         E       F
            +---------+---------+-------+---------+---------+-------
      Total |      76 |       0 |   0.0 |      35 |       0 |   0.0
            +---------+---------+-------+---------+---------+-------
        D:1 |      33 |       0 |   0.0 |      20 |       0 |   0.0
        D:2 |      40 |       0 |   0.0 |      13 |       0 |   0.0
        D:3 |       3 |       0 |   0.0 |       2 |       0 |   0.0
            +---------+---------+-------+---------+---------+-------
